[Event "5th Sharjah Masters 2022"]
[Site "Sharjah"]
[Date "2022.05.22"]
[Round "2.11"]
[White "Yakubboev, Nodirbek"]
[Black "Iskandarov, Misratdin"]
[Result "0-1"]
[ECO "A28"]
[WhiteElo "2630"]
[BlackElo "2601"]
[Annotator "TA"]
[PlyCount "126"]
[EventDate "2022.05.21"]
[EventType "swiss"]
[EventCountry "UAE"]
[SourceTitle "playchess.com"]
[Source "ChessBase"]
[SourceQuality "1"]
[TimeControl "5400+30"]

1. c4 e5 2. Nc3 Nc6 3. Nf3 Nf6 4. e4 Bb4 5. d3 d6 6. a3 {[%emt 0:00:06] A28: English Opening: Four Knights Variation.} Bc5 7. b4 Bb6 8. Be3 {[%emt 0:00:49] The position is equal.} Bg4 9. Be2 Bxf3 10. Bxf3 O-O 11. O-O Nd4 12. Na4 Nxf3+ 13. Qxf3 {[%emt 0:00:04] [#]} Qd7 $5 $146 {[%emt 0:02:42][%mdl 8] An interesting novelty.} ({Predecessor:} 13... Bxe3 14. Qxe3 c6 15. Rfd1 Re8 16. d4 exd4 17. Rxd4 Qe7 18. Rad1 Rad8 19. Nc3 Qe5 {1-0 (33) Abdusattorov,N (2651)-Sarana,A (2685) Chess.com INT 2022}) 14. Nc3 c6 15. h3 Ne8 16. Bxb6 axb6 17. Qe3 Qd8 18. Rfd1 Nf6 19. d4 Qc7 20. Rd3 Rfd8 21. Rad1 Nd7 22. c5 Nf8 23. cxd6 Rxd6 24. d5 Rad8 25. a4 h6 26. b5 c5 27. R3d2 Ng6 28. g3 Qd7 29. Kh2 Qe7 30. Nb1 Ra8 31. Ra2 Rdd8 32. Nd2 Nf8 33. Nc4 Nd7 34. Rda1 Rf8 35. a5 bxa5 36. Rxa5 Rab8 37. Kg2 Qd8 38. Ra7 f5 39. exf5 Rxf5 40. Nd6 Rf8 41. Nxb7 ({Resist} 41. Rxb7 $6 Rxb7 42. Nxb7 Qb6 $14) 41... Qf6 (41... Qc7 $16 {keeps fighting.}) 42. R1a6 $18 Qf7 43. Nxc5 (43. Kg1 $18 Qf5 44. Nd6 (44. Nxc5 Nxc5 45. Qxc5 Qb1+ 46. Kh2 Qf1 $11) 44... Qxh3 45. Ra4) 43... Qxd5+ $11 44. Ne4 {[%emt 0:00:05] Strongly threatening Rd6.} Nf6 $1 45. Ra4 Rxb5 {[%emt 0:00:47] aiming for ...Nxe4.} 46. Qf3 (46. Qe2 $11 {and White has nothing to worry.}) 46... Nxe4 $19 47. Qxe4 {[%emt 0:00:02] [#]} Qxe4+ (47... Rxf2+ $1 $19 48. Kxf2 Rb2+ 49. Qe2 (49. Ke3 $2 {leads to mate.} Qd2+ 50. Kf3 Qd1+ 51. Ke3 Qe2#) 49... Rxe2+ 50. Kxe2 Qg2+ 51. Ke3 Qxg3+ 52. Ke4 Qxh3 53. Kxe5 h5) 48. Rxe4 {[%emt 0:00:01][%mdl 4096] Endgame KRR-KRR} Rb2 {[%emt 0:00:06] Against Re2} 49. g4 $2 (49. Kg1 $17 {was the only defense.}) 49... Rbxf2+ ({Weaker is} 49... Rfxf2+ 50. Kg3 $15) 50. Kg1 Rb2 $2 ({Black should try} 50... Rf1+ $19 51. Kg2 R8f2+ 52. Kg3 Rf3+ 53. Kh2 R1f2+ 54. Kg1 Rb2) 51. Rxe5 $11 Rc8 {[%emt 0:00:03] ( -> ...Rc1+)} 52. Kf1 Rh2 {[%emt 0:00:05] And now ...Rc1+ would win.} 53. Rae7 ({Better is} 53. Kg1 $11 Rxh3 54. g5) 53... Rxh3 $15 54. Re8+ (54. Kg2 $15 Rcc3 55. Re4) 54... Rxe8 $19 55. Rxe8+ {[%emt 0:00:03] KR-KR} Kf7 56. Re2 {[%emt 0:00:43] [#]} (56. Rb8) 56... Rh4 $1 {[%emt 0:00:21] Black is clearly winning.} 57. Re4 Rh2 58. Ra4 Kg6 {[%emt 0:00:18] Hoping for ...Kg5.} 59. Ra5 Rh4 60. Ra4 Kg5 61. Ra7 g6 62. Ra5+ Kxg4 63. Ra4+ Kh5 {[%emt 0:00:08] Weighted Error Value: White=0.54/Black=0.20 (precise)} (63... Kg3 $142 64. Ra3+ Kh2 65. Ra2+ Kh1) 0-1

[Event "5th Sharjah Masters 2022"]
[Site "Sharjah"]
[Date "2022.05.22"]
[Round "2.12"]
[White "Indjic, Aleksandar"]
[Black "Yuffa, Daniil"]
[Result "1-0"]
[ECO "E62"]
[WhiteElo "2621"]
[BlackElo "2597"]
[Annotator "TA"]
[PlyCount "63"]
[EventDate "2022.05.21"]
[EventType "swiss"]
[EventCountry "UAE"]
[SourceTitle "playchess.com"]
[Source "ChessBase"]
[SourceQuality "1"]
[TimeControl "5400+30"]

1. d4 Nf6 2. c4 g6 3. g3 Bg7 4. Bg2 O-O 5. Nc3 d6 6. Nf3 Nc6 7. d5 Na5 8. b3 $1 {[%emt 0:00:10][%cal Bb2b3,Bb3c4,Bc4d5][%mdl 4] now scores much better than the old 8.Nd2.} c5 {[%emt 0:02:53][%cal Of6d5] E62: King's Indian: Fianchetto: 6...c6 and Panno Variation (6...Nc6) without ...a6.} 9. Bb2 a6 10. Nd2 Rb8 {[%emt 0:02:41] White has an edge.} 11. O-O b5 12. Qc1 $5 {[%emt 0:00:09][%mdl 4] [#] Exploring less charted territory.} bxc4 $146 ({Predecessor:} 12... e5 13. dxe6 fxe6 14. Rb1 bxc4 15. bxc4 Bb7 16. Bxb7 Rxb7 17. Ba1 Rxb1 18. Qxb1 d5 {1-0 (35) Bogner,S (2574)-Djukic,N (2519) Terme Catez 2021}) 13. bxc4 e6 14. Rb1 Re8 15. Ba1 Rxb1 16. Qxb1 exd5 17. cxd5 Bf5 18. e4 Bd7 19. h3 Qc7 20. f4 Nh5 21. Kh2 ({Inferior is} 21. Ne2 Bxa1 22. Qxa1 Bb5 $15) 21... f5 22. Re1 Qd8 23. Nd1 Bxa1 24. Qxa1 g5 $1 25. Bf3 g4 $2 {[%emt 0:00:30] [#] Loses the game.} ({Black should play} 25... gxf4 $14 26. Bxh5 fxg3+ 27. Kg1 Qg5) 26. Bg2 $18 gxh3 27. Bf3 Qf6 $2 (27... Nf6) 28. e5 {[%emt 0:03:06] White is clearly winning.} Qg6 29. Bxh5 Qxh5 30. e6 Ba4 (30... Bxe6 $142 31. dxe6 Nc6) 31. Ne3 {[%emt 0:00:36][%cal Og3g4] [#] Hoping for g4!} Rb8 32. g4 {[%emt 0:01:09] Weighted Error Value: White=0.02 (flawless) /Black=0.35} 1-0

[Event "5th Sharjah Masters 2022"]
[Site "Sharjah"]
[Date "2022.05.22"]
[Round "2.13"]
[White "Al Hosani, Omran"]
[Black "Sadhwani, Raunak"]
[Result "0-1"]
[ECO "E24"]
[WhiteElo "2191"]
[BlackElo "2619"]
[Annotator "TA"]
[PlyCount "56"]
[EventDate "2022.05.21"]
[EventType "swiss"]
[EventCountry "UAE"]
[SourceTitle "playchess.com"]
[Source "ChessBase"]
[SourceQuality "1"]
[TimeControl "5400+30"]

1. d4 Nf6 2. c4 e6 3. Nc3 Bb4 4. a3 Bxc3+ 5. bxc3 b6 6. f3 Nc6 {[%emt 0:00:05] E24: Nimzo-Indian: Sämisch: Unusual Black 5th moves and 5...c5 sidelines.} 7. e4 Na5 {[%emt 0:00:03] The modern move.} 8. Bg5 h6 {[%emt 0:03:29] Black is slightly better.} 9. Bh4 d6 10. Bd3 g5 11. Bf2 Ba6 12. h4 {[%emt 0:01:57] Strongly threatening hxg5.} Rg8 13. hxg5 hxg5 {[%emt 0:00:04] [#]} 14. Qe2 $146 ({Predecessor:} 14. Ne2 Qd7 15. e5 dxe5 16. dxe5 O-O-O 17. Nd4 Ne8 18. c5 Bxd3 19. Qxd3 Qd5 20. Qa6+ {1-0 (29) Carlsen,M (2876)-Pichot,A (2590) chess24.com INT 2019}) 14... Nd7 15. Nh3 Qe7 16. f4 (16. Bg3 $15) 16... gxf4 $17 17. Nxf4 O-O-O 18. Bh4 {[%emt 0:02:55] Prevents Qg5.} f6 19. O-O Qh7 (19... Rdf8 $17 {And now ...Qh7 would win.} 20. Nh5 Rh8) 20. Nh5 $2 {[%emt 0:08:39] [#] White does not recover from this.} (20. Bxf6 $1 $11 {and White stays safe.} Nxf6 21. e5) 20... Rh8 $1 $19 21. g4 Rdg8 22. Kh2 {[%emt 0:00:14] [#]} (22. Kf2 $142) 22... Bxc4 $1 23. Bxc4 (23. Rad1 Qg6) 23... Nxc4 {[%emt 0:00:18] Pair of Knights!} 24. Bxf6 {[%emt 0:02:28] [#]} (24. Qxc4 Rxg4 25. Qa6+ Kd8 26. Rxf6 Rxh4+ 27. Kg2 Qxe4+ 28. Rf3 R8xh5 29. Kf2 Rh2+ 30. Kg1 Qxf3) (24. Kh3 Qg6 25. Rg1) 24... Ne3 $1 {[%emt 0:02:04][%mdl 512] Black is clearly winning.} 25. Qxe3 (25. Bxh8 Nxg4+) 25... Rxg4 26. Qh3 {[%emt 0:00:12] [#]} Qxh5 $1 27. Bxh8 Rh4 28. Rf3 Qxh8 {[%emt 0:00:09] Weighted Error Value: White=0.92/Black=0.71} 0-1

[Event "5th Sharjah Masters 2022"]
[Site "Sharjah"]
[Date "2022.05.22"]
[Round "2.14"]
[White "Erigaisi Arjun"]
[Black "Van Foreest, Lucas"]
[Result "1/2-1/2"]
[ECO "C45"]
[WhiteElo "2675"]
[BlackElo "2572"]
[Annotator "TA"]
[PlyCount "120"]
[EventDate "2022.05.21"]
[EventType "swiss"]
[EventCountry "UAE"]
[SourceTitle "playchess.com"]
[Source "ChessBase"]
[SourceQuality "1"]
[TimeControl "5400+30"]

1. e4 e5 2. Nf3 Nc6 3. d4 exd4 4. Nxd4 Nf6 5. Nxc6 bxc6 6. e5 Qe7 7. Qe2 Nd5 8. h4 f6 {[%emt 0:00:39] C45: Scotch Game.} 9. c4 Ba6 10. Rh3 O-O-O {[%emt 0:01:16] Black has an edge.} 11. Ra3 Nb4 12. Ra4 {[%emt 0:00:06] Strongly threatening a3.} Qxe5 13. Qxe5 fxe5 14. Bg5 Nc2+ 15. Kd1 $1 Nxa1 16. Bxd8 Kxd8 17. Rxa6 Bc5 18. f3 {[%emt 0:00:06] [#]} Rf8 $146 ({Predecessor:} 18... Bd4 19. b3 g5 20. hxg5 Rg8 21. Nd2 Rxg5 22. Ne4 Rh5 23. c5 Rh1 24. Ng3 Rg1 25. Rxa7 Bxc5 {1-0 (113) Kupervaser,E (2246)-Aharonovich,I (2288) Petah Tikva 2019}) 19. Ra5 Bd4 20. Nd2 Bxb2 21. Rxa7 Ke7 22. Rxc7 Bd4 23. Bd3 g6 {[%emt 0:00:20] aiming for ...Rb8.} (23... Kd8 $5 24. Rb7 Kc8 $11) 24. Rb7 {[%emt 0:04:42] Inhibits Rb8.} Ra8 25. Bb1 Ra4 26. Rb8 h5 (26... e4 $1 $11 {remains equal.}) 27. Bxg6 {[%emt 0:18:43] Black must now prevent c5.} d5 28. cxd5 (28. Bxh5 $6 dxc4 29. Rb7+ Kd8 $11) 28... cxd5 29. Rb5 Kf6 {[%emt 0:02:28] [#]} (29... Ra6 $142 30. Bxh5 Rxa2) 30. Bh7 $1 $16 ({Of course not} 30. Bxh5 $6 Rxa2 31. Rxd5 Nc2 $11) 30... Rxa2 (30... Ra7 {was worth a try.}) 31. Rxd5 $18 Rb2 32. g4 Ke6 {[%emt 0:03:54] Against Rd7} 33. Bg8+ Ke7 34. Nc4 Rh2 {[%emt 0:03:31] [#]} (34... Rb1+ $16 35. Ke2 hxg4) 35. g5 $1 ({Don't play} 35. Nxe5 $6 Bxe5 36. Rxe5+ Kf8) ({Don't do} 35. gxh5 $6 Nc2 $16) 35... Nc2 36. Bh7 $2 ({White has to play} 36. Rb5 $18) 36... Nb4 $11 37. Rb5 Rh1+ $2 (37... Na2 $1 $11 {and Black has nothing to worry.} 38. Rb7+ Kd8) 38. Ke2 $18 Rh2+ 39. Kf1 Rf2+ 40. Ke1 Ra2 41. Nxe5 Ra1+ $2 (41... Kd6) 42. Ke2 {[%emt 0:00:34] And now Ng6+ would win.} Ra2+ 43. Kf1 {[%emt 0:00:16] Threatens to win with Ng6+.} Rf2+ 44. Ke1 Rb2 (44... Nc2+ $142 45. Bxc2 Rxc2 46. Ng6+ Kd6) 45. Kd1 Bc3 46. Nc4 {[%emt 0:00:43] Against Rd2+} (46. Rb7+ $142 Ke6 47. Nc4) 46... Rh2 47. Rb7+ Kf8 48. g6 (48. Rd7 $18 {is more deadly.}) 48... Rh1+ $16 49. Ke2 {[%emt 0:00:05] Hoping for Rf7+.} Re1+ 50. Kf2 Re7 {[%emt 0:01:40] Against Rf7+} 51. Rxe7 Kxe7 {[%emt 0:00:03][%mdl 4096] Endgame KBN-KBN} 52. f4 (52. Ke3 $16) 52... Kf8 $11 {[%emt 0:01:11] The position is equal.} 53. Nd6 Nd5 54. Kf3 Bf6 55. Nf5 Bb2 56. g7+ Bxg7 57. Bg6 Bc3 58. Ng3 Be1 59. Bxh5 Bxg3 60. Kxg3 Nxf4 {[%emt 0:00:03] Black escapes into a draw.  Weighted Error Value: White=0.20 (precise) /Black=0.25 (precise)} 1/2-1/2

[Event "5th Sharjah Masters 2022"]
[Site "Sharjah"]
[Date "2022.05.22"]
[Round "2.15"]
[White "Moroni, Luca Jr"]
[Black "Fedoseev, Vladimir"]
[Result "1-0"]
[ECO "E46"]
[WhiteElo "2581"]
[BlackElo "2701"]
[Annotator "TA"]
[PlyCount "83"]
[EventDate "2022.05.21"]
[EventType "swiss"]
[EventCountry "UAE"]
[SourceTitle "playchess.com"]
[Source "ChessBase"]
[SourceQuality "1"]
[TimeControl "5400+30"]

1. d4 Nf6 2. c4 e6 3. Nc3 Bb4 4. e3 O-O 5. Bd2 d6 6. a3 {[%emt 0:02:28] E46: Nimzo-Indian: Rubinstein: 4 e3 0-0 5 Ne2 without early Bd3.} Bxc3 7. Bxc3 Ne4 8. Qc2 Nxc3 9. Qxc3 Qe7 10. Nf3 Nd7 11. Be2 e5 12. O-O c5 13. dxe5 dxe5 14. Rfd1 e4 {[%emt 0:01:55] [#]} 15. Nd2 $146 ({Predecessor:} 15. Ne1 a5 16. Rd2 Ra6 17. Rad1 a4 18. Qc2 Nf6 19. Qc3 h5 20. g3 Bh3 21. Ng2 {0-1 (58) Ondozi,M (2405)-Prusikin,M (2523) Switzerland 2019}) 15... Nf6 16. b4 Bd7 17. Nb3 Ba4 {[%emt 0:03:01] The position is equal.} 18. Rd2 b6 19. bxc5 bxc5 20. Rb1 Rfb8 21. Rdb2 Qc7 22. Nd2 {[%emt 0:00:30] Rxb8+ is the strong threat.} Rd8 23. h3 h6 24. Nf1 Bc6 {[%emt 0:00:30] Prevents Rb7.} 25. Ng3 Re8 26. Nh5 Nxh5 27. Bxh5 Rad8 28. Rd1 {[%emt 0:00:30] Against Rd3} Rc8 29. Rdb1 Re5 30. Be2 Rf8 31. Rd1 Re6 32. Rbd2 Kh7 33. g3 Ba4 34. Rb1 Rb6 35. Rdb2 Bd7 36. Bf1 Rfb8 37. Bg2 f5 38. Bf1 Qd6 39. Rd2 Qe7 40. Rdb2 Ba4 41. h4 Qd6 42. Be2 {[%emt 0:00:30][%mdl 32768] An even fight not without its subleties.  Weighted Error Value: White=0.04 (flawless) /Black=0.04 (flawless) . Loss on time!?} 1-0

[Event "5th Sharjah Masters 2022"]
[Site "Sharjah"]
[Date "2022.05.22"]
[Round "2.16"]
[White "Can, Emre"]
[Black "Narayanan.S.L"]
[Result "1/2-1/2"]
[ECO "E09"]
[WhiteElo "2599"]
[BlackElo "2662"]
[Annotator "TA"]
[PlyCount "62"]
[EventDate "2022.05.21"]
[EventType "swiss"]
[EventCountry "UAE"]
[SourceTitle "playchess.com"]
[Source "ChessBase"]
[SourceQuality "1"]
[TimeControl "5400+30"]

1. d4 Nf6 2. c4 e6 3. Nf3 b6 4. g3 Ba6 5. Nbd2 d5 6. Bg2 Be7 7. O-O O-O 8. b3 Bb7 9. Bb2 Nbd7 10. Qc2 c5 11. Rac1 Rc8 12. Qb1 dxc4 13. Nxc4 b5 14. Ncd2 Qb6 15. dxc5 {[%emt 0:12:45] E09: Closed Catalan: Main Line: 7 Qc2 c6 8 Nbd2.} Bxc5 16. b4 Be7 {[%emt 0:03:04] [#]} 17. a3 $146 ({Predecessor:} 17. Bd4 Qa6 18. Qb2 Rfd8 19. a3 Nb6 20. Rxc8 Rxc8 21. Rc1 Nc4 22. Nxc4 bxc4 23. Ne1 Bxg2 24. Nxg2 {½-½ (58) Barcza,G-Gereben,E Budapest 1950}) 17... a5 18. Bc3 Qa6 19. Qa1 axb4 20. Bxb4 Bxb4 21. axb4 {[%emt 0:00:08] The position is equal.} Nd5 22. Qxa6 (22. Qd4 {feels hotter.} Rxc1 23. Rxc1 Qa3 24. Rb1) 22... Bxa6 23. Ra1 Nb8 24. Rfb1 Nc3 25. Re1 Bb7 26. Nb1 Nxb1 27. Rexb1 Be4 28. Rb2 Nc6 29. Ne1 Bxg2 30. Kxg2 Ne5 31. Nf3 Nxf3 {[%emt 0:02:21] An interesting draw.  Weighted Error Value: White=0.03 (flawless) /Black=0.02 (flawless)} 1/2-1/2

[Event "5th Sharjah Masters 2022"]
[Site "Sharjah"]
[Date "2022.05.22"]
[Round "2.17"]
[White "Abdusattorov, Nodirbek"]
[Black "Mchedlishvili, Mikheil"]
[Result "1/2-1/2"]
[ECO "B22"]
[WhiteElo "2661"]
[BlackElo "2595"]
[Annotator "TA"]
[PlyCount "108"]
[EventDate "2022.05.21"]
[EventType "swiss"]
[EventCountry "UAE"]
[SourceTitle "playchess.com"]
[Source "ChessBase"]
[SourceQuality "1"]
[TimeControl "5400+30"]

1. e4 c5 2. Nf3 e6 3. c3 Nf6 4. e5 Nd5 5. d4 cxd4 6. cxd4 d6 7. Bc4 Be7 8. O-O O-O 9. Qe2 Nc6 10. Qe4 Bd7 11. Bd3 {[%emt 0:00:09][%csl Gd3][%cal Re4h7] [#] B22: Sicilian: 2 c3.} f5 (11... g6 {feels hotter.} 12. Bh6 Re8 13. Nbd2 f5) 12. exf6 Nxf6 13. Qe2 Nb4 14. Bc4 d5 15. Bb3 {[%emt 0:00:11] [#]} Nc6 $146 ({Predecessor:} 15... Rc8 16. Nc3 Nc6 17. Re1 Bd6 18. h3 a6 19. Bc2 Kh8 20. Qd1 Qc7 21. a3 e5 {½-½ (32) Raivio,P (2380)-Leal,P (2387) ICCF email 2015}) 16. Nc3 a6 17. Bg5 Qe8 18. Rad1 Kh8 19. Ne5 Nxe5 20. dxe5 Ng8 21. Bxe7 Nxe7 22. Bc2 Bb5 23. Nxb5 Qxb5 24. Bd3 ({But not} 24. Qh5 g6 25. Qg4 Qb6 $11) 24... Qb6 25. g3 Rf7 26. Kg2 Raf8 27. h4 g6 {[%emt 0:00:04] The position is equal.} 28. Bb1 Nf5 (28... Kg7 {looks sharper.} 29. Rd3 Nf5 30. Rb3 Qc7) 29. Rd3 Qb5 30. f4 Rc7 31. Kh3 h5 32. Qf2 Qc5 33. Qd2 Rfc8 34. Rc3 Qe7 35. Rfc1 Kh7 36. Kg2 Kh6 37. Rxc7 Rxc7 38. Bd3 Rc5 39. Rc3 Qc7 40. Qc1 Rxc3 41. Qxc3 $11 {[%emt 0:00:03][%mdl 4096] Endgame KQB-KQN} Qd7 42. Qc5 Kg7 43. b3 Kf7 44. Kf3 Ne7 45. g4 ({Much weaker is} 45. Qd6 Qxd6 46. exd6 Nf5 $17) 45... hxg4+ 46. Kxg4 Qd8 47. Kf3 Qh8 48. Kg3 Qh5 {[%emt 0:02:58] And now ...Nf5+ would win.} 49. Qc7 Qd1 50. Bxg6+ Kxg6 51. Qxe7 Qd3+ 52. Kf2 Qd2+ 53. Kf3 Qd3+ 54. Kf2 Qd2+ {[%emt 0:00:08] An interesting draw.  Weighted Error Value: White=0.02 (flawless) /Black=0.03 (flawless)} 1/2-1/2

[Event "5th Sharjah Masters 2022"]
[Site "Sharjah"]
[Date "2022.05.22"]
[Round "2.18"]
[White "Moussard, Jules"]
[Black "Kadric, Denis"]
[Result "1/2-1/2"]
[ECO "C42"]
[WhiteElo "2651"]
[BlackElo "2576"]
[Annotator "TA"]
[PlyCount "56"]
[EventDate "2022.05.21"]
[EventType "swiss"]
[EventCountry "UAE"]
[SourceTitle "playchess.com"]
[Source "ChessBase"]
[SourceQuality "1"]
[TimeControl "5400+30"]

1. e4 e5 2. Nf3 Nf6 3. Nxe5 d6 4. Nf3 Nxe4 5. d4 d5 6. Bd3 Nc6 7. O-O Be7 8. Re1 Bg4 9. c3 f5 10. h3 (10. Qb3 $142 Qd6 11. Nfd2 (11. Qxb7 Rb8 $17)) 10... Bh5 $11 {[%emt 0:03:45] C42: Petroff Defence: 3 Nxe5 and unusual White 3rd moves.} 11. Bf4 O-O 12. Qb3 (12. Be2 $11) 12... Bxf3 $17 {[%emt 0:20:34] Black is better.} 13. gxf3 {[%emt 0:00:06] [#]} Ng5 $146 (13... Kh8 $1 $17 {[%cal Oe4f2] ...Nxf2! is the strong threat.} 14. Bf1 (14. fxe4 fxe4 15. Bxe4 Rxf4 $17) (14. Qxb7 Bd6 $15) 14... Bd6 15. fxe4 Bxf4 16. exd5 Qg5+ 17. Kh1 Qh4) ({Predecessor:} 13... Nxf2 14. Kxf2 Bh4+ 15. Bg3 f4 16. Bxh4 Qxh4+ 17. Ke2 Rfe8+ 18. Be4 Rad8 19. Kd1 Kh8 {0-1 (36) Pratt,L (1224)-Markus,A (1136) IECC email 2016}) 14. Kg2 $15 Na5 {[%emt 0:15:54] Pair of Knights!} 15. Qa4 Bd6 (15... c6 $5 ) 16. Bxd6 Qxd6 (16... cxd6 17. Qb5 $14) 17. Qxa5 {[%emt 0:03:13] aiming for Nd2.} b6 18. Qa4 Qg6 (18... Qh6 $5 19. h4 (19. Rh1 Ne6 $11) 19... Qxh4 $14) 19. Re3 Rf6 (19... Ne6+ 20. Kh2 $16) 20. Na3 {[%emt 0:05:13] Hoping for Kf1.} (20. Qd7 $5 c6 21. Re7 $14) 20... Raf8 {[%emt 0:07:21] [#]} (20... Nxh3+ $11 {remains equal.} 21. Kxh3 c6) 21. Rh1 (21. Qxa7 $2 {[#]} Nxh3+ $1 22. Kf1 (22. Kxh3 Qg5) 22... Qg1+ 23. Ke2 Qxf2+ 24. Kd1 Qxe3 $19) (21. Kf1 $1 $16) 21... Nxh3+ $1 $11 22. Kf1 $1 (22. Kxh3 Qg5) 22... Nf4 23. Rg1 {[%emt 0:00:38] Prevents Qg2+.} Qh6 24. Nc2 (24. Qxa7 $2 Nxd3 25. Nc2 (25. Rxd3 $2 Qc1+ 26. Ke2 Re6+ 27. Re3 Rxe3+ 28. fxe3 Qxg1 $19) 25... Qh3+ 26. Ke2 Qh2 27. Rxg7+ Kxg7 $19) 24... Qh2 25. Rg3 ({Wrong is} 25. Qd7 $2 R6f7 26. Qc6 Nh3 $19) 25... Qh1+ 26. Rg1 Qh2 {[%emt 0:00:31] Threatens to win with ...Nh3. The position is equal.} (26... Rh6 $2 27. Qd7 Qh3+ 28. Ke1 $18) 27. Rg3 ({Don't blunder} 27. Qd7 $2 R6f7 28. Qc6 Nh3 $19) 27... Qh1+ 28. Rg1 Qh2 $1 {[%emt 0:01:13] Weighted Error Value: White=0.19 (very precise) /Black=0.20 (precise)} (28... Rh6 $2 29. Qd7 Qh3+ 30. Ke1 $18) 1/2-1/2

[Event "5th Sharjah Masters 2022"]
[Site "Sharjah"]
[Date "2022.05.22"]
[Round "2.19"]
[White "Davtyan, Artur"]
[Black "Tabatabaei, M. Amin"]
[Result "0-1"]
[ECO "D45"]
[WhiteElo "2488"]
[BlackElo "2650"]
[Annotator "TA"]
[PlyCount "62"]
[EventDate "2022.05.21"]
[EventType "swiss"]
[EventCountry "UAE"]
[SourceTitle "playchess.com"]
[Source "ChessBase"]
[SourceQuality "1"]
[TimeControl "5400+30"]

1. d4 d5 2. c4 c6 3. Nf3 Nf6 4. Nc3 e6 5. e3 Nbd7 6. Qc2 Bd6 7. b3 O-O 8. Be2 b6 9. O-O Bb7 10. Bb2 Re8 11. Rad1 Qc7 {[%emt 0:00:25] [#] D45: Semi-Slav: 5 e3.} 12. cxd5 $146 ({Predecessor:} 12. e4 Nxe4 13. Nxe4 dxe4 14. Qxe4 c5 15. Qh4 Rad8 16. Rfe1 Be7 17. Qh3 Bf6 18. Bd3 h6 19. Be4 Bxe4 20. Rxe4 cxd4 21. Bxd4 {½-½ (45) Le,Q (2737)-Ding,L (2777) Huaian 2017}) 12... exd5 13. Bd3 Re7 {[%emt 0:00:34] The position is equal.} 14. h3 Rae8 15. Nd2 Nf8 16. Qc1 b5 17. Rfe1 Ng6 18. Qb1 Qa5 19. e4 (19. Rc1 $11) 19... b4 $1 $15 20. Na4 {[%emt 0:02:38] aiming for e5.} dxe4 {[%emt 0:00:13] Black is more active.} 21. Nxe4 Nxe4 22. Rxe4 Qd5 23. Rxe7 Rxe7 24. Nc5 $1 Bc8 $1 {[%emt 0:07:10] Threatens to win with ...Nf4.} 25. Be4 Qh5 $40 {[%emt 0:11:30][%cal Oc8h3][%mdl 128] ...Bxh3! is the strong threat. White needs to defend precisely.} 26. Re1 $2 {[%emt 0:04:33][%mdl 8192] [#] This move loses the game for White.} (26. Bxc6 Bxh3 $1 27. g3 Nf4 $1 $19 ) ({White should try} 26. Bf3 $15 Qh6 27. Nd3) 26... Bxh3 $1 $19 27. g3 {[%emt 0:02:42] [#]} ({But not} 27. gxh3 Qxh3 28. f4 Qg4+ 29. Kf2 Qxf4+ 30. Ke2 Bxc5 $19) (27. Nd3 Bxg2 28. Bxg2 Qh2+ 29. Kf1) 27... Nh4 $1 {[%emt 0:03:36][%mdl 512] ( -> ...Nf3+)} 28. Re3 {[%emt 0:00:26] Against Nf3+} f5 29. Bxc6 Rxe3 {[%emt 0:00:07] Black mates.} 30. fxe3 Nf3+ 31. Kf2 {[%emt 0:00:20] [#]} Bxg3+ $1 {[%emt 0:00:07][%mdl 512] Weighted Error Value: White=0.78/Black=0.02 (flawless)} 0-1